 Dungeon Crawl Stone Soup version 0.31.0-11-ge490571c62 (webtiles) character file.

Game seed: 9896293057882699362

460 qw the Shooter (level 6, -2/30 HPs)
             Began as a Spriggan Hunter on Feb 3, 2024.
             Killed by nerve-wracking pain
             ... invoked by an orc priest
              (9 damage)
             ... on level 4 of the Dungeon.
             The game lasted 00:00:15 (2500 turns).

qw the Shooter (Spriggan Hunter)                    Turns: 2500, Time: 00:00:16

Health: -2/30      AC:  2    Str:  7    XL:     6   Next: 78%
Magic:  7/7        EV: 21    Int: 11    God:
Gold:   206        SH:  0    Dex: 20    Spells: 5/5 levels left

rFire   . . .        a - +0 shortbow
rCold   . . .        (shield currently unavailable)
rNeg    . . .        c - +0 robe
rPois   .            (helmet restricted)
rElec   .            (no cloak)
rCorr   .            (gloves unavailable)
SInv    +            (boots unavailable)
Will    +....        g - amulet of regeneration
Stlth   ++           (no ring)
HPRegen 1.05/turn    (no ring)
MPRegen 0.10/turn

%: no passive effects
@: about to teleport, very quick
A: very small, no large weapons, unfitting armour, see invisible, speed 3
a: no special abilities


You were on level 4 of the Dungeon.
You visited 2 branches of the dungeon, and saw 5 of its levels.

You collected 206 gold pieces.


Innate Abilities, Weirdness & Mutations

You are very small and have problems with some larger weapons.
You are too small for most types of armour.
You have supernaturally acute eyesight. (SInv)
You cover ground extremely quickly. (Speed+++)


   Skills:
 - Level 2.0 Fighting
 - Level 6.9 Ranged Weapons
 + Level 5.8 Dodging
 - Level 1.5 Stealth


You had 5 spell levels left.
You didn't know any spells.
Your spell library was empty.

Inventory:

Hand Weapons
 a - a +0 shortbow (weapon)
Armour
 c - a +0 robe (worn)
Jewellery
 g - an amulet of regeneration (around neck)
Wands
 f - a wand of roots (9)
Scrolls
 l - a scroll of identify
Potions
 b - a potion of curing
 d - a potion of might {unknown}
 e - a potion of cancellation {unknown}
 h - a potion of haste {unknown}
 i - a potion of ambrosia {unknown}
 k - a potion of heal wounds

Dungeon Overview and Level Annotations

Branches:
Dungeon (4/15)             Temple (1/1) D:4

Altars:
Cheibriados
Dithmenos
Fedhas
Hepliaklqana
Kikubaaqudgha
Nemelex Xobeh
Qazlal
Ru
Sif Muna
Trog
Xom
Yredelemnul
The Shining One

Shops:
D:1 (   D:2 [

Annotations:
D:1 2 transporters


Message History

The jelly is lightly wounded.
You see here 21 gold pieces.
You shoot an arrow. The arrow hits the jelly.
The jelly is moderately wounded.
You shoot an arrow. The arrow hits the jelly.
The jelly is severely wounded.
You shoot an arrow. The arrow hits the jelly!
You kill the jelly!
You now have 206 gold pieces (gained 21).
Found a ring mail.
Found 3 stones.
You open the door.
There is an open door here.
Found a scroll of vulnerability.
You see here a scroll of vulnerability.
You open the door.
There is an open door here.
You open the door.
There is an open door here.
There is a stone staircase leading down here.
You open the door.
There is an open door here.
You open the door.
An orc priest comes into view. It is wielding a +0 club.
You shoot an arrow. The arrow hits the orc priest!
The orc priest is heavily wounded.
You shoot an arrow. The arrow hits the orc priest.
The orc priest is almost dead.
The orc priest mumbles some strange prayers to Beogh against you.
Beogh smites you!
You shoot an arrow.
The arrow closely misses the orc priest.
The orc priest invokes the aid of Beogh against you.
Beogh smites you!
2500 ||| READING scroll of teleportation.
As you read the scroll of teleportation, it crumbles to dust.
You feel strangely unstable.
The orc priest mumbles some strange prayers to Beogh against you.
Pain shoots through your body!
You die...

'......#.....#
.......#.....# ..
#......#.....# ..
#..#####.....### .#
##'###.........# #o##
#....'.........# ...#
#....#.........# ...
######.........##'#####'
........####....@.......
........# #.......).)..
........# #........^...
........####............
##+###..............####
#....#..............+
#....'.%............#
#....#..............#
######............).###


You could see an orc priest.

Vanquished Creatures
  Grinder (D:4)
  A jelly (D:4)
  2 iguanas (D:4)
  6 adders (D:3)
  4 gnolls (D:3)
  An adder skeleton (D:2)
  An adder zombie (D:2)
  2 orcs
  2 bat zombies (D:2)
  6 endoplasms
  3 goblins (D:1)
  7 hobgoblins
  4 jackals (D:4)
  4 kobolds
  4 quokkas
  8 ball pythons
  3 ball python skeletons (D:2)
  A ball python zombie (D:2)
  8 bats
  3 frilled lizards
  A jackal zombie (D:2)
  A quokka zombie (D:2)
  5 rats
78 creatures vanquished.

Notes
Turn   | Place    | Note
-------+----------+-------------------------------------------
     0 | D:1      | qw the Spriggan Hunter began the quest for the Orb.
     0 | D:1      | Reached XP level 1. HP: 10/10 MP: 2/2
     0 | D:1      | Noticed a tentacled monstrosity
     0 | D:1      | 0 ||| qw: Version: 0.3-a-155-g5e7d8dd
     0 | D:1      | 0 ||| qw: Game counter: 3220
     0 | D:1      | 0 ||| qw: Melee chars always use a shield: true
     0 | D:1      | 0 ||| qw: God list: Okawaru
     0 | D:1      | 0 ||| qw: Allow faded altars: false
     0 | D:1      | 0 ||| qw: Do Orc after clearing Dungeon:15 true
     0 | D:1      | 0 ||| qw: Do second Lair branch before Depths: true
     0 | D:1      | 0 ||| qw: Lair rune preference: random
     0 | D:1      | 0 ||| qw: Goals: Normal
     0 | D:1      | 0 ||| PLANNING D:1-11
     2 | D:1      | Noticed a shadow dragon
     4 | D:1      | Noticed an orb of fire
     4 | D:1      | Noticed a red draconian
     6 | D:1      | Noticed an ice dragon
     7 | D:1      | Noticed an orb of fire
     9 | D:1      | Noticed a tentacled monstrosity
    11 | D:1      | Noticed an ice dragon
    11 | D:1      | Noticed a purple draconian
    15 | D:1      | Noticed a shadow dragon
    15 | D:1      | Noticed a shadow dragon
    17 | D:1      | Noticed an orb of fire
    17 | D:1      | Noticed an orb of fire
    17 | D:1      | Noticed a shadow dragon
    19 | D:1      | Noticed an orb of fire
    19 | D:1      | Noticed a tentacled monstrosity
    21 | D:1      | Noticed a shadow dragon
    62 | D:1      | Reached skill level 3 in Dodging
   147 | D:1      | Reached XP level 2. HP: 14/14 MP: 3/3
   390 | D:1      | Found a transporter.
   390 | D:1      | Found Emuxet's Antique Weapon Emporium.
   684 | D:1      | Found a transporter.
   796 | D:1      | 796 ||| DROPPING scroll of butterflies.
   852 | D:2      | Reached XP level 3. HP: 18/18 MP: 4/4
  1078 | D:2      | Found a faded altar of an unknown god.
  1164 | D:2      | Found Miarusm's Armour Boutique.
  1280 | D:2      | 1280 ||| UPGRADING to amulet of regeneration.
  1285 | D:2      | 1285 ||| DROPPING amulet of magic regeneration.
  1286 | D:2      | 1286 ||| READING scroll labelled NIWNAXTOMITS.
  1291 | D:2      | 1291 ||| READING scroll labelled QALAREZUPS.
  1292 | D:2      | 1292 ||| READING scroll labelled QIMEUG ROGUA.
  1293 | D:2      | 1293 ||| READING 2 scrolls labelled CAKOEN BUOWAOG.
  1293 | D:2      | 1293 ||| IDENTIFYING inky potion
  1294 | D:2      | 1294 ||| READING scroll of identify.
  1294 | D:2      | 1294 ||| IDENTIFYING fizzy yellow potion
  1295 | D:2      | 1295 ||| READING scroll labelled POHIMAIXAA.
  1297 | D:2      | 1297 ||| Stepping ~*~*~tactically~*~*~ (cloud).
  1370 | D:3      | Reached skill level 5 in Ranged Weapons
  1389 | D:3      | Reached XP level 4. HP: 22/22 MP: 5/5
  1403 | D:3      | HP: 5/22 [gnoll/+0 flail (7)]
  1404 | D:3      | 1404 ||| DRINKING potion of heal wounds.
  1635 | D:3      | Reached XP level 5. HP: 26/26 MP: 6/6
  1895 | D:3      | 1895 ||| READING scroll labelled EGYDGH MAZXUR.
  2044 | D:4      | Found a staircase to the Ecumenical Temple.
  2045 | D:4      | 2045 ||| PLANNING TEMPLE
  2052 | Temple   | Entered the Ecumenical Temple
  2053 | Temple   | 2053 ||| PLANNING D:1-11
  2201 | D:4      | Found a sacrificial altar of Ru.
  2227 | D:4      | Noticed Grinder
  2235 | D:4      | Paralysed by Grinder for 4 turns
  2246 | D:4      | Killed Grinder
  2247 | D:4      | Reached skill level 6 in Ranged Weapons
  2247 | D:4      | Reached XP level 6. HP: 22/30 MP: 7/7
  2499 | D:4      | HP: 6/30 [orc priest/divine providence (12)]
  2500 | D:4      | 2500 ||| READING scroll of teleportation.
  2500 | D:4      | Killed from afar by an orc priest

Levels and vault maps discovered:
D:1:      shiori_arrival_whats_in_store_for_you, layout_basic, serial_shops,
          nicolae_shop_drivethru
D:2:      layout_rooms, ebering_ecumenical_altar_sacrificial, serial_shops,
          nicolae_shop_window_shopping, serial_undead, serial_undead_c,
          serial_undead_b, serial_undead_b, serial_undead_f, serial_undead_d,
          serial_undead_a, minmay_misc_feat_columns, minmay_tromino_v4_b
D:3:      layout_rooms, nicolae_houndstooth_variations
D:4:      layout_gridville, amcnicky_altar_gilded, minmay_temple_entry_glass,
          uniq_grinder
Temple:   hellmonk_temple_flake

Skill      XL: |  1  2  3  4  5 |
---------------+----------------+-----
Dodging        | 3 4 5 |  5.8
Ranged Weapons | 5 6 |  6.9
Fighting       | 2 |  2.0
Stealth        | |  1.5

Action                     |  1- 3 |  4- 6 || total
---------------------------+-------+-------++-------
   Fire: Shortbow          |   120 |   151 ||   271
    Use: Scroll            |     6 |     2 ||     8
         Potion            |       |     1 ||     1
 Armour: Robe              |    14 |    23 ||    37
  Dodge: Dodged            |    43 |    78 ||   121

Table legend:
 A = Non-vault XP
 B = Vault XP
 C = Vault XP percentage of total XP
 D = Non-vault monster count
 E = Vault monster count
 F = Vault count percentage of total count
                 A         B        C        D         E       F
            +---------+---------+-------+---------+---------+-------
      Total |     340 |     318 |  48.3 |      65 |      13 |  16.7
            +---------+---------+-------+---------+---------+-------
        D:1 |      38 |       0 |   0.0 |      22 |       0 |   0.0
        D:2 |       9 |      23 |  71.9 |       6 |      12 |  66.7
        D:3 |     156 |       0 |   0.0 |      24 |       0 |   0.0
        D:4 |     137 |     295 |  68.3 |      13 |       1 |   7.1
            +---------+---------+-------+---------+---------+-------
